NCAA
IOWA STATE CYCLONES @ OREGON STATE BEAVERS
04/16/2029
 
TOP OF THE 1ST
Iowa State Cyclones batting - Pitching for Oregon State Beavers : LHP Sterling Jones
Pitching: LHP Sterling Jones
Batting: LHB Mike O'Bryan 0-0: Ball
1-0: Swinging Strike
1-1: Ball
2-1: Fly out, F8 (Line Drive, 8LD)
Batting: RHB Carlos Santana 0-0: Ball
1-0: DOUBLE (Line Drive, 7)
Batting: SHB Ralph Marshall 0-0: Ball
1-0: Fly out, F8 (Line Drive, 8LD)
Batting: LHB Alberto Paz 0-0: Called Strike
0-1: Ball
1-1: Swinging Strike
1-2: Strikes out swinging
Top of the 1st over - 0 runs, 1 hit, 0 errors, 1 left on base; Iowa State 0 - Oregon State 0
BOTTOM OF THE 1ST
Oregon State Beavers batting - Pitching for Iowa State Cyclones : RHP Darren Dailey
Pitching: RHP Darren Dailey
Batting: RHB Travis Jackson 0-0: Ball
1-0: Ground out 5-3 (Groundball, 56)
Batting: RHB Wilson Serrano 0-0: Ball
1-0: Ball
2-0: Ball
3-0: Base on Balls
Batting: RHB Michael Kissinger 0-0: SINGLE (Groundball, 6MS) (infield hit)
Wilson Serrano to second
Batting: LHB Jon Jackson 0-0: Called Strike
0-1: Called Strike
0-2: Strikes out swinging
Batting: RHB Lance Fullerton 0-0: Swinging Strike
0-1: Foul Ball, location: 2F
0-2: Strikes out swinging
Bottom of the 1st over - 0 runs, 1 hit, 0 errors, 2 left on base; Iowa State 0 - Oregon State 0
TOP OF THE 2ND
Iowa State Cyclones batting - Pitching for Oregon State Beavers : LHP Sterling Jones
Batting: LHB Geoffrey Poole 0-0: Called Strike
0-1: Foul Ball, location: 2F
0-2: Ball
1-2: Ball
2-2: Ball
3-2: Foul Ball, location: 2F
3-2: Foul Ball, location: 2F
3-2: Fly out, F7 (Flyball, 7LD)
Batting: RHB Ollie Johnson 0-0: Called Strike
0-1: Foul Ball, location: 2F
0-2: Ball
1-2: Strikes out swinging
Batting: LHB Marty Gómez 0-0: Ball
1-0: Called Strike
1-1: Ball
2-1: Bunted foul
2-2: Ball
3-2: Fly out, F7 (Flyball, 7S)
Top of the 2nd over - 0 runs, 0 hits, 0 errors, 0 left on base; Iowa State 0 - Oregon State 0
BOTTOM OF THE 2ND
Oregon State Beavers batting - Pitching for Iowa State Cyclones : RHP Darren Dailey
Batting: SHB Luis Rodríguez 0-0: Foul Ball, location: 2F
0-1: Foul Ball, location: 2F
0-2: Ball
1-2: Ball
2-2: Strikes out swinging
Batting: RHB Chris Daly 0-0: Foul Ball, location: 2F
0-1: Called Strike
0-2: Ball
1-2: Ball
2-2: Strikes out swinging
Batting: RHB Julius Sears 0-0: Foul Ball, location: 2F
0-1: Swinging Strike
0-2: Strikes out swinging
Bottom of the 2nd over - 0 runs, 0 hits, 0 errors, 0 left on base; Iowa State 0 - Oregon State 0
TOP OF THE 3RD
Iowa State Cyclones batting - Pitching for Oregon State Beavers : LHP Sterling Jones
Batting: LHB Dale González 0-0: Ball
1-0: Swinging Strike
1-1: Ball
2-1: Swinging Strike
2-2: Fly out, F9 (Line Drive, 9)
Batting: RHB Jimmy Stokes 0-0: Ball
1-0: Swinging Strike
1-1: Called Strike
1-2: Ball
2-2: Ball
3-2: Base on Balls
Batting: LHB Mike O'Bryan 0-0: Swinging Strike
0-1: Ball
1-1: Foul Ball, location: 2F
1-2: Ball
2-2: Strikes out swinging
Batting: RHB Carlos Santana 0-0: Ball
Jimmy Stokes is caught stealing 2nd base
Top of the 3rd over - 0 runs, 0 hits, 0 errors, 0 left on base; Iowa State 0 - Oregon State 0
BOTTOM OF THE 3RD
Oregon State Beavers batting - Pitching for Iowa State Cyclones : RHP Darren Dailey
Batting: RHB Bert Smith 0-0: Ball
1-0: Called Strike
1-1: DOUBLE (Flyball, 89D)
Batting: RHB Travis Jackson 0-0: Ball
1-0: Ball
2-0: Called Strike
2-1: Ball
3-1: Foul Ball, location: 2F
3-2: Foul Ball, location: 2F
3-2: Foul Ball, location: 2F
3-2: Base on Balls
Batting: RHB Wilson Serrano 0-0: Ball
1-0: Called Strike
1-1: Called Strike
1-2: Ball
2-2: Ball
3-2: Strikes out looking
Batting: RHB Michael Kissinger 0-0: Foul Ball, location: 2F
0-1: Swinging Strike
0-2: Grounds into double play, 5-4-3 (Groundball, 5)
Bottom of the 3rd over - 0 runs, 1 hit, 0 errors, 1 left on base; Iowa State 0 - Oregon State 0
TOP OF THE 4TH
Iowa State Cyclones batting - Pitching for Oregon State Beavers : LHP Sterling Jones
Batting: RHB Carlos Santana 0-0: Swinging Strike
0-1: Ball
1-1: Ball
2-1: Swinging Strike
2-2: Ball
3-2: Strikes out swinging
Batting: SHB Ralph Marshall 0-0: Foul Ball, location: 2F
0-1: Ball
1-1: Swinging Strike
1-2: Ball
2-2: Ball
3-2: Strikes out swinging
Batting: LHB Alberto Paz 0-0: Fly out, F9 (Flyball, 9D)
Top of the 4th over - 0 runs, 0 hits, 0 errors, 0 left on base; Iowa State 0 - Oregon State 0
BOTTOM OF THE 4TH
Oregon State Beavers batting - Pitching for Iowa State Cyclones : RHP Darren Dailey
Batting: LHB Jon Jackson 0-0: Called Strike
0-1: Ball
1-1: Foul Ball, location: 2F
1-2: Strikes out swinging
Batting: RHB Lance Fullerton 0-0: Called Strike
0-1: Swinging Strike
0-2: Strikes out swinging
Batting: SHB Luis Rodríguez 0-0: Ground out 4-3 (Groundball, 4)
Bottom of the 4th over - 0 runs, 0 hits, 0 errors, 0 left on base; Iowa State 0 - Oregon State 0
TOP OF THE 5TH
Iowa State Cyclones batting - Pitching for Oregon State Beavers : LHP Sterling Jones
Batting: LHB Geoffrey Poole 0-0: Ball
1-0: Ball
2-0: Ball
3-0: Called Strike
3-1: Called Strike
3-2: Reached on error, E9 (Flyball, 89S)
Batting: RHB Ollie Johnson 0-0: Called Strike
0-1: Foul Ball, location: 2F
0-2: Ball
1-2: Foul Ball, location: 2F
1-2: Strikes out swinging
Batting: LHB Marty Gómez 0-0: Ball
1-0: Ball
2-0: Ball
3-0: Base on Balls
Geoffrey Poole to second
Batting: LHB Dale González 0-0: Ball
1-0: Foul Ball, location: 2F
1-1: Foul Ball, location: 2F
1-2: Fly out, F7 (Flyball, 7LSF)
Batting: RHB Jimmy Stokes 0-0: Called Strike
0-1: Swinging Strike
0-2: Ball
1-2: Strikes out swinging
Top of the 5th over - 0 runs, 0 hits, 1 error, 2 left on base; Iowa State 0 - Oregon State 0
BOTTOM OF THE 5TH
Oregon State Beavers batting - Pitching for Iowa State Cyclones : RHP Darren Dailey
Batting: RHB Chris Daly 0-0: Ball
1-0: Ground out 6-3 (Groundball, 56)
Batting: RHB Julius Sears 0-0: Ball
1-0: Called Strike
1-1: Foul Ball, location: 2F
1-2: Strikes out swinging
Batting: RHB Bert Smith 0-0: Ground out 5-3 (Groundball, 5S)
Bottom of the 5th over - 0 runs, 0 hits, 0 errors, 0 left on base; Iowa State 0 - Oregon State 0
TOP OF THE 6TH
Iowa State Cyclones batting - Pitching for Oregon State Beavers : LHP Sterling Jones
Pitching: RHP Steve McDonald
Batting: LHB Mike O'Bryan 0-0: Foul Ball, location: 2F
0-1: Ball
1-1: Ball
2-1: Called Strike
2-2: Fly out, F7 (Flyball, 78D)
Batting: RHB Carlos Santana 0-0: Ball
1-0: Ball
2-0: Ground out U3 (Groundball, 34)
Batting: SHB Ralph Marshall 0-0: Called Strike
0-1: Ball
1-1: Ball
2-1: Ball
3-1: Foul Ball, location: 2F
3-2: Strikes out swinging
Top of the 6th over - 0 runs, 0 hits, 0 errors, 0 left on base; Iowa State 0 - Oregon State 0
BOTTOM OF THE 6TH
Oregon State Beavers batting - Pitching for Iowa State Cyclones : RHP Darren Dailey
Batting: RHB Travis Jackson 0-0: Ball
1-0: Called Strike
1-1: Foul Ball, location: 2F
1-2: Ball
2-2: Ball
3-2: Strikes out looking
Batting: RHB Wilson Serrano 0-0: Fly out, F7 (Line Drive, 78M)
Batting: RHB Michael Kissinger 0-0: Ball
1-0: Called Strike
1-1: Called Strike
1-2: Strikes out swinging
Bottom of the 6th over - 0 runs, 0 hits, 0 errors, 0 left on base; Iowa State 0 - Oregon State 0
TOP OF THE 7TH
Iowa State Cyclones batting - Pitching for Oregon State Beavers : RHP Steve McDonald
Batting: LHB Alberto Paz 0-0: Called Strike
0-1: Fly out, F8 (Flyball, 8LD)
Batting: LHB Geoffrey Poole 0-0: SINGLE (Groundball, 56D)
Batting: RHB Ollie Johnson 0-0: Ball
1-0: Ball
2-0: Called Strike
2-1: Ball
3-1: Base on Balls
Geoffrey Poole to second
Batting: LHB Marty Gómez 0-0: Called Strike
0-1: Swinging Strike
0-2: Strikes out swinging
Batting: LHB Dale González 0-0: Swinging Strike
0-1: Ball
1-1: Ball
2-1: Called Strike
2-2: Foul Ball, location: 2F
2-2: Ball
3-2: Strikes out looking
Top of the 7th over - 0 runs, 1 hit, 0 errors, 2 left on base; Iowa State 0 - Oregon State 0
BOTTOM OF THE 7TH
Oregon State Beavers batting - Pitching for Iowa State Cyclones : RHP Darren Dailey
Batting: LHB Jon Jackson 0-0: DOUBLE (Line Drive, 9LM)
Batting: RHB Lance Fullerton 0-0: Intentional Walk
Batting: SHB Luis Rodríguez 0-0: Called Strike
0-1: Ball
1-1: Ball
2-1: Called Strike
2-2: Grounds into double play, 4-6-3 (Groundball, 4)
Jon Jackson to third
Pinch Hitting: SHB Brandon Hathaway 0-0: Called Strike
0-1: Called Strike
0-2: Strikes out looking
Bottom of the 7th over - 0 runs, 1 hit, 0 errors, 1 left on base; Iowa State 0 - Oregon State 0
TOP OF THE 8TH
Iowa State Cyclones batting - Pitching for Oregon State Beavers : RHP Steve McDonald
Now in LF: Brandon Hathaway
Batting: RHB Jimmy Stokes 0-0: Foul Ball, location: 2F
0-1: Foul Ball, location: 2F
0-2: Foul Ball, location: 2F
0-2: Ball
1-2: Ball
2-2: Foul Ball, location: 2F
2-2: Foul Ball, location: 2F
2-2: Foul Ball, location: 2F
2-2: Foul Ball, location: 2F
2-2: Strikes out swinging
Batting: LHB Mike O'Bryan 0-0: Ball
1-0: Swinging Strike
1-1: Ball
2-1: Ball
3-1: Base on Balls
Batting: RHB Carlos Santana 0-0: Ball
1-0: Called Strike
1-1: Ball
2-1: Fielders Choice at 2nd, 2-4 (Groundball, 2L)
Batting: SHB Ralph Marshall 0-0: Ball
1-0: Called Strike
1-1: Ball
2-1: Ground out U3 (Groundball, 3)
Top of the 8th over - 0 runs, 0 hits, 0 errors, 1 left on base; Iowa State 0 - Oregon State 0
BOTTOM OF THE 8TH
Oregon State Beavers batting - Pitching for Iowa State Cyclones : RHP Darren Dailey
Pitching: RHP Derrek Sánchez
Batting: RHB Julius Sears 0-0: Ball
1-0: Called Strike
1-1: Swinging Strike
1-2: Ball
2-2: Foul Ball, location: 2F
2-2: Strikes out looking
Batting: RHB Bert Smith 0-0: SINGLE (Groundball, 4MS) (infield hit)
Batting: RHB Travis Jackson 0-0: Called Strike
0-1: Fly out, F7 (Flyball, 7S)
Batting: RHB Wilson Serrano 0-0: Foul Ball, location: 2F
0-1: Ball
1-1: Ball
2-1: Foul Ball, location: 2F
2-2: Foul Ball, location: 2F
2-2: Ball
3-2: Foul Ball, location: 2F
3-2: Base on Balls
Bert Smith to second
Batting: RHB Michael Kissinger 0-0: Ball
1-0: Ball
2-0: Foul Ball, location: 2F
2-1: Ball
3-1: Base on Balls
Bert Smith to third
Wilson Serrano to second
Batting: LHB Jon Jackson 0-0: Ball
1-0: Called Strike
1-1: Called Strike
1-2: Strikes out swinging
Bottom of the 8th over - 0 runs, 1 hit, 0 errors, 3 left on base; Iowa State 0 - Oregon State 0
TOP OF THE 9TH
Iowa State Cyclones batting - Pitching for Oregon State Beavers : RHP Steve McDonald
Pitching: RHP Mario Benoit
Batting: LHB Alberto Paz 0-0: Called Strike
0-1: Ball
1-1: SINGLE (Groundball, 34D)
Batting: LHB Geoffrey Poole 0-0: Swinging Strike
0-1: Ball
1-1: Ball
2-1: Swinging Strike
2-2: Strikes out looking
Batting: RHB Ollie Johnson 0-0: Called Strike
0-1: Fielders Choice at 2nd, 6-4 (Groundball, 6)
Batting: LHB Marty Gómez 0-0: Swinging Strike
0-1: Foul Ball, location: 2F
0-2: Strikes out swinging
Top of the 9th over - 0 runs, 1 hit, 0 errors, 1 left on base; Iowa State 0 - Oregon State 0
BOTTOM OF THE 9TH
Oregon State Beavers batting - Pitching for Iowa State Cyclones : RHP Derrek Sánchez
Batting: RHB Lance Fullerton 0-0: Ball
1-0: Ball
2-0: Called Strike
2-1: Swinging Strike
2-2: Strikes out swinging
Batting: SHB Luis Rodríguez 0-0: Ball
1-0: Ground out 5-3 (Groundball, 5)
Batting: SHB Brandon Hathaway 0-0: Ball
1-0: Called Strike
1-1: Ball
2-1: Ground out U3 (Groundball, 34)
Bottom of the 9th over - 0 runs, 0 hits, 0 errors, 0 left on base; Iowa State 0 - Oregon State 0
TOP OF THE 10TH
Iowa State Cyclones batting - Pitching for Oregon State Beavers : RHP Mario Benoit
Batting: LHB Dale González 0-0: Fly out, F7 (Flyball, 7S)
Batting: RHB Jimmy Stokes 0-0: TRIPLE (Flyball, 89XD)
Batting: LHB Mike O'Bryan 0-0: Intentional Walk
Batting: RHB Carlos Santana 0-0: Ball
1-0: Ball
2-0: Called Strike
2-1: Foul Ball, location: 2F
2-2: Foul Ball, location: 2F
2-2: Foul Ball, location: 2F
2-2: SINGLE (Line Drive, 6D)
Jimmy Stokes scores
Mike O'Bryan to second
Batting: SHB Ralph Marshall 0-0: Called Strike
0-1: Called Strike
0-2: Ball
1-2: Strikes out looking
Batting: LHB Alberto Paz 0-0: Ball
1-0: Foul Ball, location: 2F
1-1: Ball
2-1: SINGLE (Groundball, 4MD)
Mike O'Bryan to third
Carlos Santana to second
Runner from 3rd tries for Home, throw and OUT!
Top of the 10th over - 1 run, 3 hits, 0 errors, 2 left on base; Iowa State 1 - Oregon State 0
BOTTOM OF THE 10TH
Oregon State Beavers batting - Pitching for Iowa State Cyclones : RHP Derrek Sánchez
Pitching: RHP Tom Thomas
Now in RF: Jim Hall
Batting: RHB Julius Sears 0-0: Ball
1-0: Ball
2-0: Ball
3-0: Called Strike
3-1: Base on Balls
Pinch Runner at 1st Ed Edmonds:
Batting: RHB Bert Smith 0-0: Ball
1-0: Ball
2-0: Ball
3-0: Called Strike
3-1: Sac Bunt - play at first, batter safe!
Ed Edmonds to second
Batting: RHB Travis Jackson 0-0: Foul Ball, location: 2F
0-1: Ball
1-1: Ball
2-1: 3-RUN HOME RUN (Flyball, 7LD), Distance : 327 ft
Saturday, December 16th, 2017 - OOTP Baseball 18.8 Build 76